Map: Moonlight Madness LE (Void)

Players

Carnage - Winner!

  • Race: Zerg Zerg
  • League: Bronze

SticklerMac

  • Race: Terran Terran
  • League: Bronze

VOD

Have the link to the VOD?

Description

Time

  • Played on: July 26, 2015, 5:15 p.m.
  • Length: 11:56
Show
View Real Time Build Order
Export as new Build Order

Carnage Zerg - Winner!

Build Orders: Hatch First, Muta Ling Bane 

Get SALT Encoding   

  12  0:01  Drone  
  13  0:14  Overlord  
  13  0:20  Drone  
  14  0:23  Drone, Extractor  
  15  0:33  Drone  
  16  0:37  Drone  
  17  0:56  Hatchery  
  16  0:59  Drone x2  
  18  1:09  Drone  
  19  1:17  Spawning Pool  
  18  1:18  Extractor  
  18  1:20  Drone  
  18  1:31  Drone  
  19  1:42  Overlord  
  19  2:04  Queen  
  19  2:07  Queen  
  23  2:09  Zergling x4  
  23  2:10  Zergling x2  
  26  2:19  Drone x2  
  28  2:34  Drone x3  
  31  2:38  Metabolic Boost  
  31  2:39  Queen  
  31  3:09  Drone x5  
  31  3:11  Overlord  
  35  3:22  Overlord  
  35  3:30  Hatchery  
  35  3:34  Zergling x8  
  35  3:35  Zergling x4  
  35  3:40  Drone x2  
  42  3:58  Drone x4  
  46  4:06  Roach Warren  
  46  4:08  Evolution Chamber  
  44  4:10  Drone x2  
  44  4:11  Drone  
  44  4:12  Lair  
  44  4:14  Overlord, Extractor  
  46  4:25  Overlord  
  46  4:31  Spine Crawler  
  45  4:35  Zerg Missile Weapons Level 1  
  45  4:39  Extractor  
  45  4:44  Drone  
  45  4:45  Drone x2  
  46  4:55  Zergling x6  
  46  4:56  Zergling x14  
  56  5:02  Baneling Nest  
  55  5:17  Glial Reconstitution  
  55  5:30  Drone  
  55  5:31  Drone x3  
  55  5:33  Extractor, Queen  
  55  5:34  Overlord  
  55  5:35  Overlord x2  
  60  5:43  Burrow  
  60  5:46  Centrifical Hooks  
  60  5:49  Baneling x4  
  60  6:02  Drone x9  
  60  6:03  Drone  
  70  6:11  Baneling x4  
  70  6:29  Overlord x2  
  70  6:34  Zerg Ground Armor Level 1  
  70  6:36  Zergling x10  
  70  6:37  Zergling x8  
  79  6:59  Evolution Chamber  
  78  7:15  Extractor  
  78  7:18  Spire  
  76  7:24  Zergling x8  
  76  7:25  Zergling x18  
  76  7:26  Zerg Melee Weapons Level 1  
  76  7:27  Baneling x6  
  89  7:35  Hatchery  
  88  7:41  Zergling x18  
  97  7:46  Overseer  
  97  7:57  Pneumatized Carapace  
  97  7:58  Drone  
  97  7:59  Drone x4  
  97  8:04  Infestation Pit  
  101  8:33  Overlord x2  
  101  8:34  Overlord  
  101  8:40  Extractor  
  100  8:46  Hive  
  100  8:49  Mutalisk x9  
  106  9:26  Zerg Ground Armor Level 2, Zerg Melee Weapons Level 2  
  106  9:29  Zergling x18  
  106  9:30  Zergling x8  
  93  10:01  Zerg Flyer Weapons Level 1  
  93  10:03  Ultralisk Cavern  
  93  10:04  Zergling x2  
  93  10:05  Zergling x28  
  107  10:11  Drone x3  
  110  10:20  Baneling x3  
  110  10:21  Baneling x4  
  110  10:32  Baneling x2  
  110  10:33  Baneling x3  
  100  11:06  Mutalisk x4  
  106  11:17  Overlord x2, Extractor  
  106  11:18  Overlord  
  105  11:19  Extractor  
Show
View Real Time Build Order
Export as new Build Order

SticklerMac Terran 

Build Orders: MMM Bio 

Get SALT Encoding   

  12  0:01  SCV  
  13  0:13  SCV  
  14  0:19  Supply Depot  
  14  0:25  SCV  
  15  0:30  Refinery  
  15  0:40  SCV  
  16  0:46  Barracks  
  16  0:52  SCV  
  17  1:06  Barracks  
  17  1:09  SCV  
  18  1:21  SCV  
  19  1:28  Refinery  
  19  1:33  Orbital Command  
  19  1:41  Supply Depot  
  19  1:55  Supply Depot  
  19  2:01  Supply Depot  
  19  2:02  Marine x2  
  21  2:17  SCV  
  22  2:29  SCV  
  23  2:32  Supply Depot  
  23  2:34  Supply Depot  
  23  2:35  Marine  
  23  2:36  Marine  
  25  2:41  SCV  
  26  2:50  Barracks  
  25  3:03  Marine x2  
  25  3:21  Marine x2  
  25  3:25  Supply Depot  
  27  3:36  SCV  
  27  3:39  Barracks  
  27  3:40  Barracks  
  28  3:43  Barracks Tech Lab  
  28  3:45  Barracks Reactor  
  28  3:46  Barracks Reactor  
  28  3:48  SCV  
  29  3:53  Barracks  
  29  4:00  SCV  
  30  4:14  Stimpack  
  30  4:24  Marine  
  30  4:26  Marine x3  
  30  4:27  Marine x2  
  37  4:33  Barracks Reactor  
  36  4:43  Marine x4  
  36  4:44  Marine x3  
  43  4:57  Supply Depot  
  43  4:59  Supply Depot  
  43  5:01  Marine x2  
  43  5:03  Supply Depot  
  43  5:05  Marine x2  
  43  5:06  Marine x3  
  50  5:14  Marine x2  
  50  5:18  Marine  
  50  5:19  Marine  
  54  5:23  Marine x3  
  54  5:24  Marine  
  54  5:26  Engineering Bay  
  58  5:39  Engineering Bay  
  58  6:08  Marine  
  59  6:11  Command Center  
  59  6:14  Marine x2  
  59  6:17  Marine  
  62  6:20  Marine  
  63  6:26  Combat Shields  
  63  6:39  Marine x3  
  65  6:45  Terran Infantry Weapons Level 1  
  66  6:48  Terran Infantry Armor Level 1  
  66  6:49  Marine  
  66  6:50  Marine  
  68  6:54  Marine  
  69  7:02  Marine x3  
  69  7:03  Marine x3  
  75  7:09  Marine  
  75  7:11  Marine  
  75  7:12  Marine  
  78  7:33  Marine x9  
  87  7:50  Marine  
  87  7:51  Marine x7  
  95  8:00  Marine  
  96  8:08  Marine  
  96  8:09  Marine  
  98  8:22  SCV x2  
  100  8:31  Marine  
  100  8:32  Marine  
  102  8:51  Factory  
  102  8:55  Supply Depot  
  102  9:04  SCV, Marine  
  102  9:05  Marine  
  102  9:06  Marine x3  
  89  9:36  Marine  
  89  9:37  Marine x8  
  43  9:54  Marine x2  
  32  10:02  Marine x4  
  36  10:12  Marine  
  36  10:13  Marine  
  38  10:22  Marine  
  39  10:37  Marine  
  39  10:38  Marine  
  24  11:10  Marine x3  
Tags
 
Add a new tag
Caveats
  • Supply blocks, unpowered buildings, or Contaminate may cause inaccurate times.
  • Supply counts are checked every 10 seconds.